Map: Dusk Towers

Players

llllllllllll

  • Race: Protoss Protoss
  • League: Master

Miszu - Winner!

  • Race: Terran Terran
  • League: Master

VOD

Have the link to the VOD?

Description

Time

  • Played on: April 9, 2016, 5:03 p.m.
  • Length: 7:17
Show
View Real Time Build Order
Export as new Build Order

llllllllllll Protoss 

Build Orders: 1 Gate Expand, Mass Adepts 

Get SALT Encoding   

  12  0:01  Probe (Chrono Boost)  
  13  0:12  Probe (Chrono Boost)  
  14  0:17  Pylon  
  14  0:22  Probe (Chrono Boost)  
  15  0:35  Probe (Chrono Boost)  
  16  0:37  Gateway  
  16  0:42  Assimilator  
  16  0:47  Probe (Chrono Boost)  
  17  0:58  Probe (Chrono Boost)  
  18  1:08  Probe (Chrono Boost)  
  19  1:26  Nexus  
  19  1:32  Cybernetics Core  
  19  1:33  Probe (Chrono Boost)  
  20  1:40  Assimilator  
  20  1:45  Probe (Chrono Boost)  
  21  1:50  Pylon  
  21  1:56  Probe (Chrono Boost)  
  22  2:09  Probe (Chrono Boost)  
  22  2:15  Adept (Chrono Boost), Twilight Council  
  25  2:20  Probe (Chrono Boost)  
  26  2:24  Warp Gate  
  26  2:31  Probe  
  27  2:37  Probe  
  27  2:40  Adept (Chrono Boost)  
  27  2:43  Probe  
  31  2:48  Probe  
  32  2:53  Resonating Glaives (Chrono Boost)  
  32  2:55  Probe  
  32  2:58  Probe  
  33  3:02  Pylon  
  34  3:07  Probe  
  34  3:09  Probe  
  36  3:19  Probe x2  
  37  3:23  Pylon  
  38  3:31  Gateway, Probe  
  38  3:32  Gateway, Probe  
  40  3:44  Gateway, Probe  
  40  3:45  Gateway, Probe  
  42  3:52  Gateway  
  42  3:57  Gateway  
  42  4:02  Probe  
  44  4:07  Gateway  
  45  4:16  Pylon  
  45  4:18  Pylon  
  43  4:29  Adept x2  
  43  4:30  Adept  
  49  4:35  Pylon  
  49  4:36  Pylon  
  49  4:43  Adept  
  49  4:45  Adept  
  53  4:49  Adept x2  
  53  4:50  Adept  
  53  4:51  Adept  
  61  4:53  Adept  
  63  5:02  Adept  
  63  5:04  Adept  
  67  5:07  Adept  
  67  5:11  Adept x3  
  75  5:15  Adept  
  75  5:18  Adept  
  79  5:27  Adept x2  
  79  5:28  Adept  
  75  5:47  Adept  
  75  5:48  Adept x5  
  81  5:55  Adept x2  
  63  6:12  Adept x6  
  63  6:26  Adept x2  
  67  6:34  Adept x2  
  67  6:35  Adept x3  
  51  6:57  Adept x6  
  51  6:59  Adept  
Show
View Real Time Build Order
Export as new Build Order

Miszu Terran - Winner!

Build Orders: Command Center First (CC) 

Get SALT Encoding   

  12  0:01  SCV  
  13  0:13  SCV  
  14  0:19  Supply Depot  
  14  0:25  SCV  
  15  0:41  SCV  
  16  0:53  SCV  
  17  1:00  Command Center  
  17  1:05  SCV  
  18  1:17  SCV  
  19  1:19  Barracks  
  19  1:29  SCV  
  19  1:31  Barracks  
  20  1:41  SCV  
  20  1:44  Barracks  
  21  1:54  SCV  
  22  2:06  Orbital Command  
  22  2:07  Marine  
  23  2:12  Orbital Command  
  23  2:17  Marine  
  24  2:25  Marine  
  24  2:29  Refinery  
  25  2:31  Refinery  
  25  2:32  Marine, SCV  
  25  2:35  Marine  
  28  2:38  SCV  
  28  2:43  Marine  
  28  2:44  SCV  
  31  2:50  SCV  
  32  2:52  Supply Depot, Marine  
  32  2:55  Marine  
  32  2:56  SCV  
  35  3:02  SCV  
  35  3:03  Barracks Tech Lab  
  36  3:08  SCV  
  36  3:11  Marine  
  38  3:14  SCV  
  38  3:15  Supply Depot  
  38  3:17  Marine  
  40  3:20  SCV  
  40  3:21  Marine, Stimpack  
  40  3:26  SCV  
  43  3:29  Marine  
  43  3:32  SCV  
  45  3:35  Marine  
  45  3:38  Supply Depot  
  45  3:39  Marine  
  45  3:40  SCV  
  48  3:44  SCV  
  48  3:45  Factory  
  48  3:46  Marine  
  48  3:48  Supply Depot  
  50  3:52  Marine  
  50  3:53  SCV  
  52  3:57  Marine, Refinery, SCV  
  54  4:03  Engineering Bay  
  54  4:05  SCV  
  54  4:07  Marine  
  56  4:13  SCV  
  56  4:15  Supply Depot, Marine  
  59  4:17  SCV  
  60  4:25  SCV  
  60  4:26  Barracks Reactor, Barracks Tech Lab  
  60  4:29  Starport, SCV, Factory Reactor  
  61  4:32  Terran Infantry Weapons Level 1  
  61  4:35  Marauder  
  61  4:37  SCV  
  64  4:41  SCV  
  64  4:44  Marine  
  66  4:49  Supply Depot, SCV  
  66  4:52  Barracks  
  67  4:54  Missile Turret  
  67  4:55  Barracks  
  67  4:56  Missile Turret  
  67  4:57  Liberator x2  
  67  4:58  Marauder  
  69  5:01  SCV  
  69  5:05  Marine x2  
  78  5:21  Supply Depot  
  78  5:23  Refinery  
  78  5:26  Supply Depot  
  78  5:42  Marine  
  78  5:43  Marine x2  
  78  5:48  Marine  
  68  5:53  SCV  
  68  5:54  SCV  
  65  5:58  Medivac x2  
  65  5:59  Marine  
  65  6:01  Marine  
  71  6:04  Supply Depot  
  71  6:05  SCV  
  72  6:11  SCV  
  72  6:15  Supply Depot  
  72  6:16  Marauder  
  72  6:17  SCV  
  70  6:19  Marauder  
  70  6:23  SCV  
  72  6:26  Marine x2  
  72  6:28  Medivac  
  72  6:29  SCV  
  72  6:31  Supply Depot  
  75  6:35  SCV  
  75  6:38  Marauder  
  72  6:41  SCV  
  67  6:47  SCV  
  67  6:52  Marine  
  67  6:53  SCV  
  70  6:59  SCV  
  71  7:03  Supply Depot  
Tags
 
Add a new tag
Caveats
  • Supply blocks, unpowered buildings, or Contaminate may cause inaccurate times.
  • Supply counts are checked every 10 seconds.